Map: Simulacrum LE

Players

TLHarstem (Harstem)

  • Race: Protoss Protoss
  • League: Master
  • Spawn Location: 5:00

goblin - Winner!

  • Race: Protoss Protoss
  • League: Master
  • Spawn Location: 11:00

Event: StayAtHomestory Cup #1

VOD

Have the link to the VOD?

Description

Time

  • Played on: April 10, 2020, 10:58 a.m.
  • Length: 11:12

All games in this series

Show
View Real Time Build Order
Export as new Build Order

TLHarstem Protoss 

Build Orders: Oracle Opening, Phoenix Opening 

Get SALT Encoding   

  12  0:00  Probe  
  13  0:13  Probe  
  14  0:18  Pylon  
  14  0:25  Probe (Chrono Boost)  
  15  0:37  Probe (Chrono Boost)  
  15  0:38  Gateway  
  16  0:46  Probe (Chrono Boost)  
  16  0:48  Assimilator  
  17  0:51  Probe  
  17  0:55  Assimilator  
  18  1:03  Probe (Chrono Boost)  
  19  1:08  Gateway  
  19  1:12  Probe (Chrono Boost)  
  19  1:17  Probe (Chrono Boost)  
  20  1:25  Cybernetics Core  
  21  1:30  Probe  
  22  1:35  Pylon  
  22  1:43  Probe  
  23  1:55  Probe  
  24  2:02  Stargate  
  24  2:05  Stalker  
  26  2:09  Stalker  
  28  2:16  Pylon  
  28  2:41  Zealot  
  28  2:42  Oracle (Chrono Boost)  
  30  2:49  Zealot  
  35  3:00  Robotics Facility  
  35  3:02  Shield Battery  
  35  3:10  Pylon  
  35  3:14  Phoenix (Chrono Boost)  
  37  3:20  Zealot  
  37  3:24  Pylon  
  37  3:25  Warp Gate  
  39  3:41  Pylon  
  39  3:50  Immortal (Chrono Boost)  
  43  4:10  Phoenix  
  43  4:15  Zealot  
  47  4:29  Warp Prism (Chrono Boost)  
  49  4:33  Gateway  
  52  5:06  Immortal (Chrono Boost)  
  56  5:15  Sentry  
  55  5:24  Pylon  
  55  5:26  Gateway  
  59  5:43  Immortal  
  59  5:51  Pylon  
  59  5:56  Sentry  
  61  6:09  Probe  
  60  6:12  Pylon  
  60  6:20  Stalker, Sentry  
  64  6:30  Immortal (Chrono Boost)  
  64  6:33  Sentry  
  70  6:40  Pylon  
  68  6:55  Zealot  
  70  7:09  Robotics Bay  
  70  7:18  Zealot x2  
  74  7:27  Shield Battery  
  74  7:29  Observer (Chrono Boost)  
  75  7:51  Zealot x2  
  79  7:54  Gateway  
  77  8:03  Warp Prism (Chrono Boost)  
  69  8:24  Zealot, Sentry  
  68  8:36  Disruptor (Chrono Boost)  
  71  8:51  Stalker  
  71  8:52  Zealot x2  
  77  9:04  Disruptor (Chrono Boost)  
  80  9:36  Pylon  
  80  9:37  Disruptor (Chrono Boost)  
  83  10:01  Nexus  
  83  10:20  Sentry  
  83  10:21  Sentry x2  
  67  10:57  Stalker x2  
  67  11:02  Stalker  
Show
View Real Time Build Order
Export as new Build Order

goblin Protoss - Winner!

Build Orders:  

Get SALT Encoding   

  12  0:00  Probe  
  13  0:12  Probe  
  14  0:17  Pylon  
  14  0:24  Probe (Chrono Boost)  
  15  0:36  Probe (Chrono Boost)  
  15  0:37  Gateway  
  16  0:44  Probe (Chrono Boost)  
  16  0:46  Assimilator  
  17  0:51  Probe  
  17  0:55  Assimilator  
  18  1:03  Probe (Chrono Boost)  
  19  1:10  Gateway  
  19  1:13  Probe (Chrono Boost)  
  20  1:19  Probe  
  21  1:26  Cybernetics Core  
  21  1:31  Probe  
  22  1:36  Pylon  
  22  1:43  Probe  
  23  2:02  Robotics Facility  
  23  2:06  Stalker  
  23  2:07  Stalker  
  27  2:10  Warp Gate  
  27  2:19  Pylon  
  27  2:21  Probe  
  30  2:37  Stalker  
  32  2:47  Immortal (Chrono Boost)  
  34  2:55  Stalker  
  36  3:06  Shield Battery  
  36  3:08  Pylon  
  36  3:22  Warp Prism (Chrono Boost)  
  37  3:35  Probe  
  37  3:51  Pylon  
  38  3:56  Immortal (Chrono Boost)  
  38  4:01  Sentry  
  38  4:02  Sentry  
  45  4:29  Stalker x2  
  49  4:34  Observer  
  50  4:52  Stalker x2  
  54  5:15  Observer  
  54  5:24  Pylon  
  54  5:39  Immortal (Chrono Boost)  
  54  5:42  Stalker  
  60  5:45  Adept  
  62  6:12  Nexus  
  62  6:14  Pylon  
  58  6:29  Sentry, Adept  
  62  6:38  Probe  
  63  6:42  Pylon  
  63  6:50  Probe  
  64  6:54  Stalker  
  64  6:56  Stalker  
  67  7:04  Probe  
  68  7:16  Probe  
  68  7:19  Immortal (Chrono Boost)  
  73  7:31  Stalker  
  75  7:40  Sentry  
  75  7:41  Probe  
  78  7:53  Probe  
  78  7:57  Stalker  
  75  8:06  Probe x2  
  76  8:14  Immortal  
  76  8:17  Stalker  
  80  8:22  Stalker  
  77  8:44  Stargate  
  77  8:54  Adept x2  
  81  9:06  Observer (Chrono Boost)  
  81  9:16  Probe  
  82  9:24  Gateway  
  82  9:27  Phoenix (Chrono Boost)  
  82  9:28  Probe (Chrono Boost)  
  85  9:33  Adept x2  
  85  9:36  Assimilator  
  89  9:40  Probe (Chrono Boost)  
  90  9:48  Phoenix (Chrono Boost)  
  92  10:04  Phoenix x2 (Chrono Boost)  
  92  10:06  Adept  
  94  10:08  Pylon  
  94  10:11  Phoenix (Chrono Boost)  
  94  10:15  Pylon  
  94  10:29  Phoenix (Chrono Boost)  
  96  10:38  Adept x2  
Tags
 
Add a new tag
Caveats
  • Supply blocks, unpowered buildings, or Contaminate may cause inaccurate times.
  • Supply counts are checked every 10 seconds.